 Dungeon Crawl Stone Soup version 0.27-a0-103-g6cd7b45605 (webtiles) character file.

Game seed: 13593861830737837743

139 knot the Chopper (level 5, 14/61 HPs)
             Began as a Demonspawn Berserker on Jan 23, 2021.
             Was a Believer of Trog.
             Quit the game on level 2 of the Dungeon.
             The game lasted 00:01:56 (1451 turns).

knot the Chopper (Demonspawn Berserker)             Turns: 1451, Time: 00:01:57

Health: 14/61      AC:  3    Str: 17    XL:     5   Next: 1%
Magic:  1/5        EV: 12    Int: 10    God:    Trog [**....]
Gold:   71         SH:  0    Dex: 12    Spells: 4/4 levels left

rFire    x . .     SeeInvis .   a - +0 hand axe
rCold    + + .     Faith    .   (no shield)
rNeg     . . .     Spirit   +   b - +1 animal skin
rPois    .         Reflect  .   (no helmet)
rElec    .         Harm     .   (no cloak)
rCorr    .         Rampage  .   (no gloves)
Will     .....                  (no boots)
Stlth    ..........             (no amulet)
HPRegen  0.20/turn              h - ring of protection from cold
MPRegen  0.09/turn              i - ring of ice (curse)

@: berserking (expiring), mildly poisoned (14 -> 9), very quick
A: powered by pain 1, magic shield, sturdy frame 1
a: Renounce Religion, Berserk, Trog's Hand


You were on level 2 of the Dungeon.
You worshipped Trog.
Trog was pleased with you.
You visited 1 branch of the dungeon, and saw 2 of its levels.

You collected 71 gold pieces.

Inventory:

Hand Weapons
 a - a +0 hand axe (weapon)
Missiles
 d - 40 stones (quivered)
Armour
 b - a +1 animal skin (worn)
Jewellery
 e - an uncursed ring of positive energy
 h - a ring of protection from cold (left hand)
 i - a cursed ring of ice (right hand)
Scrolls
 f - a scroll of identify
 j - a scroll of amnesia
Potions
 c - 2 potions of resistance


   Skills:
 - Level 3.0 Fighting
 * Level 5.2 Axes
 - Level 1.7 Armour
 - Level 1.7 Dodging


You had 4 spell levels left.
You didn't know any spells.
Your spell library was empty.

Dungeon Overview and Level Annotations

Branches:
Dungeon (2/15)

Altars:


Innate Abilities, Weirdness & Mutations

You sometimes gain a little power by taking damage.
When hurt, damage is shared between your health and your magic reserves.
Your movements are slightly less encumbered by armour. (ER -2)


Message History

Trog accepts your kill.
Your Axes skill increases to level 5!
You have reached level 4!
You feel clever.
Your demonic ancestry asserts itself...
You feel energised by your suffering.
You have reached level 5!
Are you sure you want to abandon this character and quit the game? (Confirm with "yes".)
Okay, then.
A frilled lizard comes into view.
You feel sick.
You see here a bat corpse.
Unknown command.
You feel a strong urge to attack something.
Unknown command.
Unknown command.
Unknown command.
Unknown command.
Unknown command.
Unknown command.
Are you sure you want to abandon this character and quit the game? (Confirm with "yes".)

#......
##.l...##
##.?.....##
#.........#
+.........+
#.........#
#.......#
#..@.†#
##...########
##.).<.....#
#.#######.#
#.# #.# ...
... #..


You could see a frilled lizard.

Vanquished Creatures
  An ogre (D:2)
  An adder (D:2)
  An ooze (D:1)
  A dart slug (D:1)
  A leopard gecko (D:1)
  7 goblins (D:1)
  2 hobgoblins (D:1)
  5 jackals (D:1)
  5 kobolds (D:1)
  8 bats
  2 rats (D:1)
34 creatures vanquished.

Notes
Turn   | Place    | Note
-------+----------+-------------------------------------------
     0 | D:1      | knot the Demonspawn Berserker began the quest for the Orb.
     0 | D:1      | Reached XP level 1. HP: 18/18 MP: 1/1
   210 | D:1      | Reached skill level 3 in Axes
   259 | D:1      | Gained mutation: Your movements are slightly less
                  | encumbered by armour. (ER -2) [demonic ancestry]
   259 | D:1      | Reached XP level 2. HP: 23/24 MP: 2/2
   985 | D:1      | Gained mutation: When hurt, damage is shared between your
                  | health and your magic reserves. [demonic ancestry]
   985 | D:1      | Reached XP level 3. HP: 26/29 MP: 3/3
  1156 | D:1      | Reached skill level 4 in Axes
  1439 | D:2      | Noticed an ogre
  1447 | D:2      | Reached ** piety under Trog
  1448 | D:2      | Killed an ogre
  1449 | D:2      | Reached skill level 5 in Axes
  1449 | D:2      | Gained mutation: You sometimes gain a little power by
                  | taking damage. [demonic ancestry]
  1449 | D:2      | Reached XP level 4. HP: 12/35 MP: 1/4
  1449 | D:2      | Reached XP level 5. HP: 14/41 MP: 1/5
  1451 | D:2      | Quit the game

Illustrated notes

Levels and vault maps discovered:
D:1:      wheals_arrival_shading, layout_rooms, nrook_uturn
D:2:      layout_loops_corners, minmay_circle_x

Skill      XL: |  1  2  3 |
---------------+----------+-----
Axes           | 3 5 |  5.2
Fighting       | |  3.0
Armour         | |  1.7
Dodging        | |  1.7

Action                   |  1- 3 |  4- 6 || total
-------------------------+-------+-------++-------
Melee: Hand axe          |    86 |       ||    86
Throw: Stone             |    10 |       ||    10
Invok: Berserk           |     4 |       ||     4
  Use: Scroll            |     3 |       ||     3
Armor: Animal skin       |    19 |       ||    19
Dodge: Dodged            |    77 |       ||    77

Table legend: (Time is in decaauts)
 A = Elapsed time spent in this place.
 B = Non-inter-level travel time spent in this place.
 C = Inter-level travel time spent in this place.
 D = Time resting spent in this place.
 E = Time spent auto-exploring this place.
 F = Levels seen in this place.
 G = Mean time per level.
                   A        B        C        D        E       F      G
               +--------+--------+--------+--------+--------+-----+--------+
         Total |   1480 |   1460 |     20 |    741 |    497 |   2 |  740.0 |
       Dungeon |   1480 |   1460 |     20 |    741 |    497 |   2 |  740.0 |
               +--------+--------+--------+--------+--------+-----+--------+

Top non-repeatable levels by time:
     D:1: 1468 daAuts
     D:2: 12 daAuts
